 Dungeon Crawl Stone Soup version 0.28-a0-1555-g9ae15a6949 (webtiles) character file.

Game seed: 7543758929848132485

24 HallandMoats the Skirmisher (level 3, 0/33 HPs)
             Began as a Ghoul Monk on Jan 18, 2022.
             Was a Believer of Wu Jian.
             Slain by Terence (4 damage)
             ... on level 2 of the Dungeon.
             The game lasted 00:01:13 (1281 turns).

HallandMoats the Skirmisher (Ghoul Monk)            Turns: 1281, Time: 00:01:13

Health: 0/33       AC:  2    Str: 16    XL:     3   Next: 2%
Magic:  2/2        EV: 12    Int:  5    God:    Wu Jian [**....]
Gold:   30         SH:  0    Dex: 11    Spells: 2/2 levels left

rFire   . . .      SeeInvis .   a - +0 hand axe
rCold   + . .      Faith    .   (no shield)
rNeg    + + +      Spirit   .   b - +0 robe
rPois   ∞          Reflect  .   (no helmet)
rElec   .          Harm     .   (no cloak)
rCorr   .          Rampage  .   (no gloves)
Will    .....                   (no boots)
Stlth   ++........              (no amulet)
HPRegen 0.00/turn               (no ring)
MPRegen 0.08/turn               (no ring)

@: inhibited regen
A: claws 1, cold resistance 1, negative energy resistance 3, inhibited
regeneration, torment resistance 2
a: Renounce Religion, Wall Jump


You were on level 2 of the Dungeon.
You worshipped Wu Jian.
Wu Jian was pleased with you.
You visited 1 branch of the dungeon, and saw 2 of its levels.

You collected 30 gold pieces.

Inventory:

Hand Weapons
 a - a +0 hand axe (weapon)
Armour
 b - a +0 robe (worn)
Jewellery
 c - an amulet of reflection
Scrolls
 e - a scroll of summoning {unknown}
 g - a scroll of amnesia {unknown}
 j - a scroll of brand weapon {unknown}
Potions
 d - a potion of magic
 f - a potion of curing
 h - a potion of brilliance {unknown}
 i - a potion of resistance {unknown}


   Skills:
 * Level 3.6 Fighting
 * Level 3.0 Axes
 + Level 0.6 Armour
 + Level 2.8 Dodging
 - Level 2.1 Stealth
 + Level 0.7 Invocations


You had 2 spell levels left.
You didn't know any spells.
Your spell library was empty.

Dungeon Overview and Level Annotations

Branches:
Dungeon (2/15)

Altars:
Wu Jian

Shops:
D:1 ?

Annotations:
D:2 Terence


Innate Abilities, Weirdness & Mutations

You thrive by killing the living.
You are immune to poison.
You have sharp fingernails.
Your flesh is cold resistant. (rC+)
You are immune to negative energy. (rN+++)
You do not regenerate when monsters are visible.
You are immune to unholy pain and torment.


Message History

You kill the endoplasm!
The Council accepts your kill.
You feel better.
You have reached level 3!
Your experience leads to an increase in your attributes!
Increase (S)trength, (I)ntelligence, or (D)exterity?
You feel stronger. x2
j - a scroll labelled KAOWUQ BODGH Terence the Incautious comes into view.
He is wielding a +1 flail of protection and carrying a wand of digging (1).
Terence is nearby!
Terence is nearby!
It was a potion of magic.
Magic courses through your body.
It was a potion of curing.
You feel better.
Terence shouts!
You hit Terence.
Terence is lightly wounded.
Terence hits you with a +1 flail of protection.
You closely miss Terence.
Terence is lightly wounded.
Terence hits you with a +1 flail of protection.
You hit Terence but do no damage.
Terence is lightly wounded.
Terence hits you with a +1 flail of protection!
You hit Terence.
Terence is heavily wounded.
Terence hits you with a +1 flail of protection.
You hit Terence but do no damage.
Terence is heavily wounded.
Terence barely misses you.
Terence hits you with a +1 flail of protection!
* * * LOW HITPOINT WARNING * * *
Unknown command.
Terence zaps a wand.
Some rock shatters into small pieces.
The now-empty wand crumbles to dust.
You start putting on your amulet.
You continue putting on your amulet of reflection. x4
Terence barely misses you.
You continue putting on your amulet of reflection.
Terence hits you with a +1 flail of protection.
You die...

########## #........####### ..
#........'.. ..# .#.####........#
#.#
...............#####.############
...............@@....)...........
####.#.#######.####.############
#.......######.####.# #
#.####..............# #
#......@..####.###### #
#######.#.##..........
#.#.##.#.####### #.#....#.#
#.######.#


You could see Terence.

Vanquished Creatures
  An adder (D:2)
  2 endoplasms
  2 giant cockroaches (D:1)
  3 goblins
  A ball python (D:1)
  A frilled lizard (D:1)
  2 kobolds (D:1)
  3 rats (D:1)
15 creatures vanquished.

Notes
Turn   | Place    | Note
-------+----------+-------------------------------------------
     0 | D:1      | HallandMoats the Ghoul Monk began the quest for the Orb.
     0 | D:1      | Reached XP level 1. HP: 19/19 MP: 0/0
   359 | D:1      | Found Duawus's Magic Scroll Shoppe.
   379 | D:1      | Reached XP level 2. HP: 22/26 MP: 1/1
   434 | D:1      | Found a faded altar of an unknown god.
   527 | D:1      | Prayed at the altar of an unknown god.
   527 | D:1      | Became a worshipper of the Wu Jian Council
   527 | D:1      | Reached * piety under Wu Jian
   527 | D:1      | Reached ** piety under Wu Jian
  1193 | D:2      | Reached XP level 3. HP: 27/33 MP: 2/2
  1248 | D:2      | Noticed Terence
  1281 | D:2      | Slain by Terence

Illustrated notes

Levels and vault maps discovered:
D:1:      wander_arrival_peaceful_grave, layout_loops_cross,
          basic_ecumenical_altar, serial_shops, shop,
          nicolae_concentric_dashed_squares_wild
D:2:      layout_basic, kennysheep_generic_room_6, uniq_jessica, uniq_terence

Skill      XL: |  1  2 |
---------------+-------+-----
Axes           | 3 |  3.0
Fighting       | |  3.6
Armour         | |  0.6
Dodging        | |  2.8
Stealth        | |  2.1
Invocations    | |  0.7

Action                   || total
-------------------------++-------
Melee: Hand axe          ||    46
  Use: Potion            ||     2
 Stab: Sleeping          ||     4
Armor: Robe              ||     6
Dodge: Dodged            ||    12

Table legend: (Time is in decaauts)
 A = Elapsed time spent in this place.
 B = Non-inter-level travel time spent in this place.
 C = Inter-level travel time spent in this place.
 D = Time resting spent in this place.
 E = Time spent auto-exploring this place.
 F = Levels seen in this place.
 G = Mean time per level.
                   A        B        C        D        E       F      G
               +--------+--------+--------+--------+--------+-----+--------+
         Total |   1288 |   1226 |     62 |      0 |   1067 |   2 |  644.0 |
       Dungeon |   1288 |   1226 |     62 |      0 |   1067 |   2 |  644.0 |
               +--------+--------+--------+--------+--------+-----+--------+

Top non-repeatable levels by time:
     D:1: 929 daAuts
     D:2: 358 daAuts
